 Dungeon Crawl Stone Soup version 0.30-a0-568-g124715a40b (webtiles) character file.

Game seed: 15728050095344241397

32358 billz999 the Cleaver (level 14, -10/105 HPs)
             Began as a Djinni Ice Elementalist on Dec 29, 2022.
             Was a High Priest of Makhleb.
             Mangled by an eight-headed hydra (14 damage)
             ... on level 5 of the Lair of Beasts.
             The game lasted 00:43:51 (18418 turns).

billz999 the Cleaver (Djinni Ice Elementalist)     Turns: 18418, Time: 00:43:52

Health: -10/105    AC:  5    Str:  7    XL:     14   Next: 2%
Gold:   828        EV: 12    Int: 25    God:    Makhleb [*****.] SH: 11 Dex: 14

rFire   + + +      SeeInvis +    C - +3 war axe (vamp)
rCold   x . .      Faith    .    k - +0 buckler
rNeg    . . .      Spirit   .    x - +2 robe {Archmagi}
rPois   ∞          Reflect  +    D - +0 hat {Will+}
rElec   .          Harm     .    L - +0 cloak
rCorr   +          Rampage  .    (no gloves)
Will    ++...      Archmagi +    (boots unavailable)
Stlth   ++                       p - amulet of reflection
HPRegen 0.37/turn                j - ring of Elaneb {rCorr Int+3 SInv}
MPRegen 0.00/turn                F - ring of protection from fire

@: about to teleport, flying
A: sickness immunity, fire resistance 2, cold vulnerability 1, float, innate
caster, HP casting, extra vitality 1
a: Renounce Religion, Minor Destruction, Lesser Servant of Makhleb, Major
Destruction, Greater Servant of Makhleb


You were on level 5 of the Lair of Beasts.
You worshipped Makhleb.
Makhleb was extremely pleased with you.
You visited 3 branches of the dungeon, and saw 16 of its levels.

You collected 828 gold pieces.

Inventory:

Hand Weapons
 f - a +2 dagger of speed
 g - a +0 broad axe
 C - a +3 vampiric war axe (weapon)
 G - the +4 dagger "Morg" {pain, Will+ Int+5}
   (You found it on level 8 of the Dungeon)

   In the hands of one skilled in necromantic magic, it inflicts extra damage on
   living creatures.
   Your inability to study Necromancy prevents you from drawing on the full
   power of this weapon.
   Int:       It affects your intelligence (+5).
   Will:      It increases your willpower.
Missiles
 e - 34 poisoned darts
 t - 4 curare-tipped darts
Armour
 a - a +0 robe
 k - a +0 buckler (worn)
 q - a scarf of harm
 x - a +2 robe of the Archmagi (worn)
 y - a +0 tower shield
 D - a +0 hat of willpower (worn)
 L - a +0 cloak (worn)
Magical Staves
 Q - a staff of cold
Jewellery
 j - the ring of Elaneb (left hand) {rCorr Int+3 SInv}
   (You found it on level 3 of the Dungeon)

   [ring of see invisible]

   Int:       It affects your intelligence (+3).
   SInv:      It lets you see invisible.
   rCorr:     It protects you from acid and corrosion.
 n - an amulet of the acrobat
 p - an amulet of reflection (around neck)
 F - a ring of protection from fire (right hand)
 N - a ring of ice
 P - a +4 ring of protection
 S - an amulet of faith
Wands
 s - a wand of charming (27)
 w - a wand of digging (8)
 z - a wand of iceblast (29)
 O - a wand of flame (14)
 T - a wand of polymorph (3)
Scrolls
 l - 2 scrolls of vulnerability
 r - 3 scrolls of magic mapping
 A - 5 scrolls of identify
 B - 3 scrolls of teleportation
 E - 2 scrolls of summoning
 H - 3 scrolls of torment {unknown}
 I - 4 scrolls of blinking
 J - a scroll of silence {unknown}
 K - a scroll of fear {unknown}
 R - a scroll of fog {unknown}
Potions
 b - a potion of magic
 c - 2 potions of haste
 d - 4 potions of lignification
 h - 2 potions of brilliance
 i - 19 potions of degeneration
 m - 9 potions of curing
 o - 4 potions of resistance
 u - 2 potions of might
 M - 2 potions of cancellation {unknown}
Miscellaneous
 v - a piece from Xom's chessboard (15/15)


   Skills:
 + Level 11.0 Fighting
 - Level 12.2 Axes
 - Level 2.5 Dodging
 - Level 1.9 Stealth
 * Level 8.2 Shields
 - Level 9.6 Spellcasting


You had 2 spell levels left.
You knew the following spells:

 Your Spells              Type           Power      Damage    Failure   Level
a - Freeze                Ice            100%       1d10      1%          1
b - Frozen Ramparts       Ice            100%       1d16      1%          3
c - Ozocubu's Armour      Ice            74%        N/A       1%          3
d - Summon Ice Beast      Ice/Summ       74%        N/A       1%          4
e - Magic Dart            Conj           100%       1d8       1%          1
f - Passwall              Tmut/Erth      61%        N/A       1%          2
g - Spider Form           Tmut/Pois      74%        N/A       1%          3
h - Swiftness             Air            74%        N/A       1%          3
i - Yara's Violent Unrav  Hex/Tmut       37%        3d15      3%          5
j - Iskenderun's Battles  Conj           74%        2d12      3%          5
Your spell library was empty.

Dungeon Overview and Level Annotations

Branches:
Dungeon (10/15)            Temple (1/1) D:6            Lair (5/5) D:10
 Shoals (0/4) Lair:3        Snake (0/4) Lair:2          Orc (0/2) D:9
  Slime: Lair:4-5

Altars:
Cheibriados
Dithmenos
Elyvilon
Fedhas
Gozag
Hepliaklqana
Makhleb
Nemelex Xobeh
Okawaru
Ru
Trog
Uskayaw
Wu Jian
Xom
Yredelemnul
Zin
The Shining One

Annotations:
D:7 3 runed translucent doors, OTABOTABOTAB's ghost, amateur OpTm
D:10 3 runed translucent doors


Innate Abilities, Weirdness & Mutations

You are immune to sickness and miasma.
You are immune to poison.
Your flesh is very heat resistant. (rF++)
You are vulnerable to cold. (rC-)
You float through the air rather than walking.
You learn spells naturally, not from books.
Your magical power is your life essence.
You have superior vitality. (+4 MHP)


Message History

You feel strangely unstable.
The blink frog blinks!
The wall freezes the seven-headed hydra!
The seven-headed hydra bites you! The seven-headed hydra bites you.
The seven-headed hydra bites you!
The seven-headed hydra bites you but does no damage.
You block the seven-headed hydra's attack. x2
The seven-headed hydra bites you.
Your frozen ramparts will break if you move.
Continue?
The frozen ramparts melt away as you move.
The blink frog barely misses you.
The blink frog attacks as you move away!
The blink frog closely misses you.
You hit the fungus.
The fungus begins to die.
The fungus is lightly damaged.
You chop one of the seven-headed hydra's heads off!
The six-headed hydra grows two more!
You hit the eight-headed hydra.
You feel better.
You hit the blink frog but do no damage.
The blink frog blinks!
The eight-headed hydra misses you. The eight-headed hydra bites you. x2
The eight-headed hydra barely misses you.
You block the eight-headed hydra's attack.
The eight-headed hydra bites you!
* * * LOW HITPOINT WARNING * * *
You block the eight-headed hydra's attack.
The eight-headed hydra bites you!
* * * LOW HITPOINT WARNING * * *
The blink frog blinks!
The black mamba attacks as you move away!
The black mamba bites you.
* * * LOW HITPOINT WARNING * * *
The eight-headed hydra attacks as you move away!
The eight-headed hydra completely misses you.
You block the eight-headed hydra's attack. x2
The eight-headed hydra closely misses you.
The eight-headed hydra bites you but does no damage.
The eight-headed hydra bites you!
* * * LOW HITPOINT WARNING * * *
The eight-headed hydra bites you!
You die...

......###....##
.......##.....###
#......#P.......##
.#...............##
#......(......)...##
.................# #
............P....#
##.
......P....##P.###
#.. ...........#..@##
#.# .
.........#SD##..#....
.
....#....F...(......
. ...#..............
. ..................
...
.......P....#.#...
... ....#......##.#
.( ...# ....§.P...#.
# . ..# P...#......##


You could see an eight-headed hydra, a black mamba and a blink frog.

Vanquished Creatures
  Gastronok (D:8)
  A hydra (Lair:4)
  Erica (Lair:2)
  A two-headed ogre (D:10)
  A manticore (D:10)
  9 elephants
  A merfolk siren (Lair:3)
  Joseph (Lair:1)
  5 black mambas
  2 cane toads
  A rime drake (Lair:4)
  Maggie (D:8)
  5 komodo dragons
  A hornet (D:8)
  A troll (D:10)
  3 polar bears
  7 blink frogs
  Prince Ribbit (D:5)
  3 slime creatures (Lair:5)
  6 dream sheep
  A nameless horror (D:4)
  5 wyverns
  40 yaks
  A shadow (D:10)
  A spriggan (Lair:4)
  3 basilisks
  2 nagas (Lair:2)
  6 water moccasins
  4 orc warriors
  2 sky beasts
  An ice beast (D:6)
  2 black bears
  10 wolves
  6 centaurs
  A phantom (D:6)
  A kobold brigand (D:7)
  6 bullfrogs
  A gnoll sergeant (D:9)
  3 scorpions
  A necrophage (D:4)
  A wight (D:5)
  10 electric eels
  A howler monkey (D:4)
  3 jellies
  6 hounds
  8 orc priests
  2 iguanas
  6 orc wizards
  A howler monkey zombie (D:7)
  Robin (D:2)
  8 gnolls
  8 adders
  A white imp (D:6)
  An ufetubus (D:3)
  A worm (D:5)
  2 dart slugs
  27 orcs
  9 ball pythons
  4 bats
  3 bat zombies (D:9)
  7 endoplasms
  5 giant cockroaches
  17 goblins
  10 hobgoblins
  7 jackals
  2 quokkas (D:3)
  2 frilled lizards (D:1)
  24 kobolds
  6 rats
  A rat zombie (D:9)
  A butterfly (D:6)
334 creatures vanquished.

Vanquished Creatures (collateral kills)
  2 elephants (Lair:2)
  A komodo dragon (Lair:4)
  A troll (D:10)
  Grinder (D:5)
  A blink frog (Lair:2)
  Sigmund (D:6)
  A wraith (D:10)
  11 yaks
  A wyvern (D:8)
  Grum (D:8)
  2 water moccasins
  An ice beast (D:5)
  A black bear (Lair:1)
  An ogre (D:6)
  2 wolves (D:10)
  2 kobold brigands
  2 bullfrogs
  A necrophage (D:5)
  A wight (D:5)
  An orc priest (D:9)
  A gnoll bouda (D:8)
  4 orc wizards
  A killer bee zombie (D:7)
  3 gnolls
  A shadow imp (D:6)
  8 orcs
  An endoplasm (D:1)
  4 kobolds
  A butterfly (Lair:4)
59 creatures vanquished.

Vanquished Creatures (others)
  18 fungi
  25 plants
  5 toadstools (D:1)
48 creatures vanquished.

Grand Total: 441 creatures vanquished

Notes
Turn   | Place    | Note
-------+----------+-------------------------------------------
     0 | D:1      | billz999 the Djinni Ice Elementalist began the quest for
                  | the Orb.
     0 | D:1      | billz999 set off with the following spells memorised:
                  | Freeze, Frozen Ramparts, Ozocubu's Armour, Summon Ice
                  | Beast.
     0 | D:1      | Reached XP level 1. HP: 15/15 MP: 0/0
    94 | D:1      | Reached XP level 2. HP: 14/21 MP: 0/0
   384 | D:1      | Reached XP level 3. HP: 7/25 MP: 0/0
   384 | D:1      | Learned a level 1 spell: Magic Dart
   559 | D:1      | Found a faded altar of an unknown god.
  1053 | D:2      | Reached XP level 4. HP: 28/31 MP: 0/0
  1083 | D:2      | Noticed Robin
  1091 | D:2      | Killed Robin
  1701 | D:3      | Identified the ring of Elaneb {rCorr Int+3 SInv}
  1731 | D:3      | Reached XP level 5. HP: 30/35 MP: 0/0
  1731 | D:3      | Learned a level 2 spell: Passwall
  1778 | D:3      | Reached skill level 1 in Shields
  2140 | D:3      | You are sucked into a shaft and drop 3 floors!
  2151 | D:6      | Noticed a bullfrog
  2156 | D:6      | Killed a bullfrog
  2157 | D:6      | Reached XP level 6. HP: 34/40 MP: 0/0
  2163 | D:5      | Entered Level 5 of the Dungeon
  2382 | D:4      | Reached skill level 1 in Fighting
  2589 | D:4      | Reached XP level 7. HP: 39/49 MP: 0/0
  2589 | D:4      | Learned a level 3 spell: Spider Form
  3363 | D:4      | Noticed a nameless horror
  3371 | D:4      | Killed a nameless horror
  3501 | D:4      | Found an opulent altar of Gozag.
  3502 | D:4      | Found a white marble altar of Elyvilon.
  3503 | D:4      | Found a hazy altar of Hepliaklqana.
  3855 | D:6      | Found a shimmering altar of Xom.
  3897 | D:5      | Noticed Prince Ribbit
  3914 | D:5      | Killed Prince Ribbit
  3915 | D:5      | Reached skill level 5 in Spellcasting
  3915 | D:5      | Reached XP level 8. HP: 46/58 MP: 0/0
  4488 | D:5      | Reached skill level 5 in Fighting
  4938 | D:5      | Noticed Grinder
  4957 | D:5      | Killed Grinder
  5557 | D:6      | Reached XP level 9. HP: 54/67 MP: 0/0
  5557 | D:6      | Learned a level 3 spell: Swiftness
  5639 | D:6      | Noticed Sigmund
  5653 | D:6      | Killed Sigmund
  5953 | D:6      | Found a staircase to the Ecumenical Temple.
  5976 | Temple   | Entered the Ecumenical Temple
  6062 | Temple   | Became a worshipper of Makhleb the Destroyer
  6697 | D:7      | Found a shadowy altar of Dithmenos.
  6796 | D:7      | Reached skill level 10 in Fighting
  6878 | D:7      | Reached XP level 10. HP: 64/81 MP: 0/0
  7231 | D:7      | Found a runed translucent gate.
  7231 | D:7      | Found a runed translucent gate.
  7231 | D:7      | Found a runed translucent gate.
  7231 | D:7      | Noticed OTABOTABOTAB's ghost (amateur OpTm)
  7233 | D:7      | Found a basalt altar of Yredelemnul.
  7579 | D:8      | Noticed Maggie
  7587 | D:8      | Killed Maggie
  7588 | D:8      | Reached skill level 2 in Axes
  7738 | D:8      | Reached skill level 3 in Axes
  7807 | D:8      | Reached skill level 4 in Axes
  7810 | D:8      | Reached * piety under Makhleb
  7966 | D:8      | Reached skill level 5 in Axes
  8023 | D:8      | Noticed Grum
  8032 | D:8      | Killed Grum
  8047 | D:8      | Noticed Gastronok
  8067 | D:8      | Killed Gastronok
  8068 | D:8      | Reached skill level 7 in Axes
  8068 | D:8      | Reached XP level 11. HP: 30/86 MP: 0/0
  8068 | D:8      | Learned a level 5 spell: Yara's Violent Unravelling
  8570 | D:8      | Found the +4 dagger "Morg" {pain, Will+ Int+5}
  9307 | D:9      | Reached ** piety under Makhleb
  9328 | D:9      | Reached skill level 8 in Axes
 10277 | D:9      | Reached skill level 9 in Axes
 10397 | D:9      | Found a staircase to the Orcish Mines.
 10401 | D:9      | Reached *** piety under Makhleb
 11074 | D:10     | Entered Level 10 of the Dungeon
 11183 | D:10     | Found a runed translucent gate.
 11183 | D:10     | Found a runed translucent gate.
 11183 | D:10     | Found a runed translucent gate.
 11185 | D:10     | Noticed a green ugly thing
 11186 | D:10     | Noticed a green ugly thing
 11188 | D:10     | Noticed a white ugly thing
 11189 | D:10     | Noticed a cyan ugly thing
 11438 | D:10     | Reached skill level 10 in Axes
 11834 | D:10     | Found a staircase to the Lair.
 12001 | D:10     | Found a bloodstained altar of Trog.
 12088 | D:10     | Noticed a two-headed ogre
 12094 | D:10     | Noticed a manticore
 12108 | D:10     | Killed a manticore
 12109 | D:10     | Reached XP level 12. HP: 80/93 MP: 0/0
 12109 | D:10     | Killed a two-headed ogre
 12396 | Lair:1   | Entered Level 1 of the Lair of Beasts
 12454 | Lair:1   | Reached skill level 11 in Axes
 12626 | Lair:1   | Noticed Joseph
 12643 | Lair:1   | Killed Joseph
 13277 | Lair:2   | Found a staircase to the Snake Pit.
 13310 | Lair:2   | Noticed Erica
 13331 | Lair:2   | Killed Erica
 13452 | Lair:2   | Reached skill level 12 in Axes
 13459 | Lair:2   | Reached **** piety under Makhleb
 13918 | Lair:2   | Reached XP level 13. HP: 97/98 MP: 0/0
 13918 | Lair:2   | Learned a level 5 spell: Iskenderun's Battlesphere
 15437 | Lair:3   | You are sucked into a shaft and drop 2 floors!
 15437 | Lair:5   | Entered Level 5 of the Lair of Beasts
 15569 | Lair:3   | Reached skill level 5 in Shields
 15732 | Lair:3   | Found a staircase to the Shoals.
 16379 | Lair:4   | Noticed a six-headed hydra
 17193 | Lair:4   | Killed a six-headed hydra
 17193 | Lair:4   | Reached ***** piety under Makhleb
 17427 | Lair:4   | Noticed a catoblepas
 18304 | Lair:5   | Reached XP level 14. HP: 84/103 MP: 0/0
 18418 | Lair:5   | HP: 4/105 [eight-headed hydra (13)]
 18418 | Lair:5   | Mangled by an eight-headed hydra

Illustrated notes

Levels and vault maps discovered:
D:1:      sevenhm_arrival_forest_fort_large_3, layout_rooms,
          hellmonk_ecumenical_altar_arch_garden, minmay_gold_behind_fungi,
          minmay_ruptured
D:2:      layout_basic, nrook_campfire, uniq_robin
D:3:      minmay_wonky_spiral, layout_basic, minmay_distorted
D:4:      layout_gridville, chequers_temple_overflow_statue_of_worship
D:5:      layout_gridville, uniq_prince_ribbit1, uniq_grinder
D:6:      nicolae_cairo_tiling_very_big, layout_loops_ring, xom_butterflies,
          minmay_temple_entry_junction, uniq_sigmund
D:7:      layout_basic, mainiacjoe_overflow_24_doors,
          nicolae_yredelemnul_ghost_church
D:8:      layout_basic, enter_bailey_7, uniq_maggie, uniq_grum, uniq_gastronok
D:9:      layout_layer_cave, lemuel_zombie_altar_kikubaaqudgha, erik_orc_2
D:10:     layout_roguey, mainiacjoe_overflow_alcove_1, erik_lair_island,
          ploomutoo_gammafunk_ghost_potion_laboratory
Temple:   nicolae_temple_great_sept
Lair:1:   layout_misc_corridors, uniq_joseph
Lair:2:   layout_chaotic_city, guppyfry_snake_entry_garden, uniq_erica
Lair:3:   layout_regular_city, minmay_shoals_entry_lonely_mermaid
Lair:4:   layout_gridlike, lookout_lair_type, grunt_forest_large_clearing_hut,
          lemuel_fruit_fields
Lair:5:   grunt_lair_end_beastmaster, layout_layer_cave,
          minmay_slime_entry_pillars

Skill      XL: |  1  2  3  4  5  6  7  8  9 10 11 12 13 14 |
---------------+-------------------------------------------+-----
Spellcasting   | 4 5 7 9 |  9.6
Shields        | 3 4 8 |  8.2
Fighting       | 2 4 6 10 11 | 11.0
Axes           | 7 10 12 | 12.2
Dodging        | |  2.5
Stealth        | |  1.9

Action                   |  1- 3 |  4- 6 |  7- 9 | 10-12 | 13-15 || total
-------------------------+-------+-------+-------+-------+-------++-------
Melee: Dagger            |       |       |     1 |       |       ||     1
       War axe           |       |       |       |   112 |    74 ||   186
 Fire: Shortbow          |       |       |     5 |     9 |       ||    14
Throw: Dart              |     6 |     6 |       |       |     2 ||    14
 Cast: Freeze            |    38 |    44 |    57 |    72 |    20 ||   231
       Frozen Ramparts   |       |    11 |    30 |    68 |    24 ||   133
       Magic Dart        |       |    47 |   122 |   222 |   161 ||   552
       Summon Ice Beast  |       |     1 |    15 |    48 |    11 ||    75
       Ozocubu's Armour  |       |       |       |     7 |     2 ||     9
       Iskenderun's Batt |       |       |       |       |    29 ||    29
       Swiftness         |       |       |       |       |     2 ||     2
Evoke: Wand              |       |       |     5 |    13 |       ||    18
  Use: Scroll            |     2 |     2 |     5 |     5 |     4 ||    18
       Potion            |       |     1 |     1 |       |     1 ||     3
 Stab: Distracted        |       |       |       |     2 |       ||     2
Armor: Robe              |     2 |     8 |     7 |    29 |    29 ||    75
       Skin              |       |     7 |       |       |       ||     7
Dodge: Dodged            |    13 |    11 |    25 |    86 |    68 ||   203
Block: Other             |       |       |     7 |     4 |       ||    11
       Reflection        |       |       |     1 |     6 |       ||     7
       Buckler           |       |       |       |    71 |    78 ||   149

Table legend: (Time is in decaauts)
 A = Elapsed time spent in this place.
 B = Non-inter-level travel time spent in this place.
 C = Inter-level travel time spent in this place.
 D = Time resting spent in this place.
 E = Time spent auto-exploring this place.
 F = Levels seen in this place.
 G = Mean time per level.
                   A        B        C        D        E       F      G
               +--------+--------+--------+--------+--------+-----+--------+
         Total |  18394 |  17479 |    915 |   2361 |  12666 |  16 | 1149.6 |
       Dungeon |  12284 |  11712 |    572 |   1160 |   8913 |  10 | 1228.4 |
        Temple |     96 |     79 |     17 |      0 |     69 |   1 |   96.0 |
          Lair |   6013 |   5688 |    325 |   1201 |   3684 |   5 | 1202.6 |
               +--------+--------+--------+--------+--------+-----+--------+

Top non-repeatable levels by time:
     D:9: 2100 daAuts
  Lair:3: 2060 daAuts
  Lair:4: 1622 daAuts
     D:4: 1402 daAuts
     D:8: 1397 daAuts
     D:5: 1327 daAuts
    D:10: 1322 daAuts
     D:6: 1229 daAuts
  Lair:2: 1216 daAuts
     D:7: 1026 daAuts
     D:1: 968 daAuts
  Lair:1: 840 daAuts
     D:3: 814 daAuts
     D:2: 695 daAuts
  Lair:5: 274 daAuts
